 Dungeon Crawl Stone Soup version 0.25-a0-245-gd0e028f (webtiles) character file.

Game seed: 10055338217587683103, levelgen mode: deterministic

4265 HungryMoth the Transmogrifier (level 10, 0/83 HPs)
             Began as a Purple Draconian Transmuter on Dec 2, 2019.
             Was a Priest of Wu Jian.
             Slain by a death yak (23 damage)
             ... on level 7 of the Dungeon.
             The game lasted 00:24:54 (9131 turns).

HungryMoth the Transmogrifier (DrTm)                Turns: 9131, Time: 00:24:55

Health: 0/83       AC:  8    Str: 12    XL:     10   Next: 10%
Magic:  13/17      EV: 15    Int: 15    God:    Wu Jian [***...]
Gold:   528        SH:  0    Dex: 14    Spells: 4/19 levels left

rFire    + . .     SeeInvis .     - Unarmed
rCold    x . .     Gourm    .   (shield currently unavailable)
rNeg     . . .     Faith    .   (armour unavailable)
rPois    .         Spirit   .   (helmet restricted)
rElec    .         Reflect  .   (no cloak)
rCorr    .         Harm     .   (gloves currently unavailable)
MR       ++...                  f - +0 pair of boots
Stlth    +.........             (no amulet)
HPRegen  0.23/turn              E - ring of fire
MPRegen  0.15/turn              y - ring of protection from magic

@: blade hands (expiring), flying
A: breathe power, unfitting armour, big wings, deterioration 1, cold-blooded, AC
+7
a: Breathe Dispelling Energy, Stop Flying, End Transformation, Wall Jump,
Serpent's Lash, Renounce Religion


You were on level 7 of the Dungeon.
You worshipped Wu Jian.
Wu Jian was most pleased with you.
You were not hungry.
You had blades for hands.
You visited 1 branch of the dungeon, and saw 8 of its levels.

You collected 528 gold pieces.

Inventory:

Missiles
 a - 171 arrows
Armour
 f - a +0 pair of boots (worn)
 v - a scarf of repulsion
Jewellery
 y - a ring of protection from magic (right scythe-like blade)
 E - a ring of fire (left scythe-like blade)
 M - an uncursed ring of poison resistance {unknown}
 Q - an uncursed amulet of guardian spirit {unknown}
Wands
 t - a wand of iceblast (9)
 z - a wand of paralysis (11)
 B - a wand of polymorph (11)
 L - a wand of flame (9)
 P - a wand of acid (8)
Scrolls
 h - a scroll of fear {unknown}
 l - 2 scrolls of fog {unknown}
 m - 4 scrolls of remove curse {unknown}
 o - 2 scrolls of blinking {unknown}
 p - a scroll of magic mapping {unknown}
 r - 6 scrolls of teleportation {unknown}
 w - 5 scrolls of identify {unknown}
 x - 4 scrolls of random uselessness {unknown}
 D - a scroll of acquirement {unknown}
 H - 2 scrolls of enchant armour {unknown}
 K - a scroll of amnesia {unknown}
 N - a scroll of immolation {unknown}
Potions
 d - 3 potions of curing
 k - 4 potions of heal wounds
 n - 3 potions of might {unknown}
 s - 3 potions of haste {unknown}
 u - a potion of degeneration {unknown}
 A - 2 potions of resistance {unknown}
 G - a potion of lignification {unknown}
 I - a potion of mutation
 O - a potion of cancellation
Comestibles
 c - 13 rations


   Skills:
 + Level 5.8 Fighting
 + Level 5.5 Dodging
 * Level 6.2 Unarmed Combat
 - Level 5.1 Spellcasting
 - Level 10.5 Transmutations


You had 4 spell levels left.
You knew the following spells:

 Your Spells              Type           Power        Failure   Level  Hunger
a - Beastly Appendage     Tmut           #####.       9%          1    None
b - Sticks to Snakes      Tmut           #####...     10%         2    ##.....
c - Spider Form           Tmut/Pois      ###.......   34%         3    ###....
d - Blade Hands           Tmut           #####.....   36%         5    ######.
e - Ice Form              Ice/Tmut       ###.....     61%         4    ####...

Your spell library contained the following spells:

 Spells                   Type           Power        Failure   Level  Hunger


Dungeon Overview and Level Annotations

Branches:
Dungeon (8/15)             Temple (0/1) D:7
   Lair: D:8-11

Altars:
Dithmenos
Qazlal
Trog
Wu Jian


Innate Abilities, Weirdness & Mutations

You can breathe bolts of dispelling energy.
Your rich purple scales are hard. (AC +7)
You cannot fit into any form of body armour.
You are cold-blooded and may be slowed by cold attacks.
Your large and strong wings let you fly indefinitely.
Your body sometimes deteriorates upon taking damage.


Message History

You fly upwards.
There is a stone staircase leading down here.
You slice the death yak!!
The death yak is moderately wounded.
The death yak gores you!!
You slice the death yak!!
You tail-slap the death yak, but do no damage.
The death yak is heavily wounded.
The death yak gores you.
You slice the death yak!!
The death yak is almost dead.
The death yak closely misses you.
You hit the death yak but do no damage.
The death yak is almost dead.
The death yak gores you!!
* * * LOW HITPOINT WARNING * * *
You slash the death yak!
The death yak is almost dead.
The death yak gores you!!
You die...

.....#.#.#
#.##.##........######
._.#.#.#.#
#.##..##...8.#.).....
#.##..##.#
#.##.####...########.
###...##.# #..#.#
##### #. (....###.#
##.#.# #. ....##
#.#####...# #. #.###
#.#.......# #.
#.######.#.####Y.# #.
#........#.# #.@# #.
####.#####.# #.## #.
#.# #.# #.####### #.
#.# #.# #.......#
########. #.# #.#
#######.# #........
#.# #.# #.# #.#######
#.#####.# #.#
#.#.##### #.....#.#
#.# #.#......
###.###.#
#.###.#.#####


You could see a death yak.

Vanquished Creatures
  A death yak (D:7)
  Pikel (D:4)
  Psyche (D:8)
  A hippogriff (D:8)
  Menkaure (D:4)
  2 slaves (D:3)
  A black bear (D:8)
  An eye of draining (D:7)
  An ice beast (D:6)
  2 orc warriors
  A sky beast (D:6)
  An ogre (D:8)
  A centaur (D:6)
  4 bullfrogs
  A wyvern skeleton (D:7)
  A water moccasin skeleton (D:7)
  4 killer bees (D:7)
  2 howler monkeys (D:7)
  A centaur zombie (D:7)
  2 crimson imps
  5 hounds
  A bullfrog zombie (D:5)
  A centaur skeleton (D:5)
  3 jellies
  7 orc wizards
  3 orc priests
  2 iguanas
  Ijyb (D:5)
  5 worker ants
  A killer bee zombie (D:7)
  A howler monkey skeleton (D:7)
  5 gnolls (D:7)
  6 adders
  A shadow imp (D:5)
  An ooze (D:2)
  4 worms
  2 dart slugs
  5 leopard geckos
  28 orcs
  3 giant cockroaches
  4 goblins
  9 hobgoblins
  6 jackals
  2 quokkas (D:3)
  4 ball pythons
  6 bats
  9 frilled lizards
  4 kobolds
  A leopard gecko skeleton (D:6)
  7 rats
167 creatures vanquished.

Vanquished Creatures (others)
  A hippogriff (D:8)
1 creature vanquished.

Grand Total: 168 creatures vanquished

Notes
Turn   | Place    | Note
-------+----------+-------------------------------------------
     0 | D:1      | HungryMoth the Draconian Transmuter began the quest for the
                  | Orb.
     0 | D:1      | Reached XP level 1. HP: 16/16 MP: 3/3
   345 | D:1      | Reached XP level 2. HP: 21/23 MP: 5/5
   349 | D:1      | Learned a level 2 spell: Sticks to Snakes
   763 | D:1      | Reached XP level 3. HP: 17/29 MP: 6/6
  1148 | D:2      | Reached XP level 4. HP: 32/37 MP: 7/7
  1153 | D:2      | Learned a level 3 spell: Spider Form
  1415 | D:2      | Found a stormy altar of Qazlal.
  1415 | D:2      | Found an ornate altar of the Wu Jian Council.
  1418 | D:2      | Became a worshipper of the Wu Jian Council
  2098 | D:3      | Reached XP level 5. HP: 27/45 MP: 4/8
  2464 | D:3      | Reached * piety under Wu Jian
  2844 | D:4      | Noticed a slave
  2844 | D:4      | Noticed a slave
  2846 | D:4      | Noticed a slave
  2846 | D:4      | Noticed Pikel
  2869 | D:4      | Noticed a slave
  2932 | D:3      | Killed a slave
  3164 | D:4      | Reached skill level 3 in Transmutations
  3184 | D:3      | Killed a slave
  3609 | D:4      | Paralysed by Pikel for 5 turns
  3612 | D:4      | Killed Pikel
  3612 | D:4      | Reached skill level 4 in Transmutations
  3612 | D:4      | Reached XP level 6. HP: 21/52 MP: 6/9
  3612 | D:4      | Your scales start taking on a rich purple colour.
  3612 | D:4      | Reached XP level 7. HP: 24/59 MP: 6/10
  4010 | D:4      | You fall into a shaft and drop 3 floors!
  4054 | D:7      | Found a staircase to the Ecumenical Temple.
  4074 | D:7      | Reached skill level 5 in Unarmed Combat
  4074 | D:7      | Reached skill level 5 in Transmutations
  4121 | D:7      | Gained mutation: Your body sometimes deteriorates upon
                  | taking damage. [potion of mutation]
  4121 | D:7      | Gained mutation: Your large and strong wings let you fly
                  | indefinitely. [potion of mutation]
  4137 | D:7      | Reached skill level 5 in Fighting
  4273 | D:7      | Reached skill level 5 in Dodging
  4273 | D:7      | Reached XP level 8. HP: 44/68 MP: 8/11
  4540 | D:7      | Learned a level 5 spell: Blade Hands
  4982 | D:7      | Reached skill level 5 in Spellcasting
  4993 | D:7      | Found the +3 Elemental Staff {rElec rF++ rC++ MR++ AC+5}
  5063 | D:6      | Learned a level 4 spell: Ice Form
  5264 | D:6      | Reached skill level 6 in Transmutations
  5285 | D:6      | Reached ** piety under Wu Jian
  5486 | D:5      | Entered Level 5 of the Dungeon
  5585 | D:5      | Reached skill level 7 in Transmutations
  5912 | D:5      | Noticed Ijyb
  5920 | D:5      | Killed Ijyb
  6412 | D:4      | Reached XP level 9. HP: 72/74 MP: 12/16
  6429 | D:4      | Noticed Menkaure
  6431 | D:4      | Found a stormy altar of Qazlal.
  6433 | D:4      | Killed Menkaure
  6433 | D:4      | Reached skill level 8 in Transmutations
  7959 | D:7      | Found a shadowy altar of Dithmenos.
  7962 | D:7      | Reached skill level 9 in Transmutations
  8109 | D:7      | Found a bloodstained altar of Trog.
  8747 | D:8      | Noticed a death yak
  8801 | D:8      | Noticed Psyche
  8808 | D:8      | Killed Psyche
  8808 | D:8      | Reached skill level 10 in Transmutations
  8833 | D:8      | Reached *** piety under Wu Jian
  8891 | D:8      | Noticed a death yak
  8892 | D:8      | Noticed a death yak
  8892 | D:8      | Noticed a death yak
  8893 | D:8      | Noticed a death yak
  8893 | D:8      | Noticed a death yak
  8920 | D:7      | Killed a death yak
  8920 | D:7      | Reached XP level 10. HP: 47/83 MP: 5/17
  9119 | D:8      | Noticed a death yak
  9120 | D:8      | Noticed a death yak
  9122 | D:8      | Noticed a death yak
  9131 | D:7      | Slain by a death yak

Levels and vault maps discovered:
D:1:      matt_arrival_diagonals, layout_loops_ring, minmay_distorted
D:2:      layout_rooms, gammafunk_temple_overflow_elements, serial_forest,
          infiniplex_forest_straight_2, infiniplex_forest_lined_3,
          infiniplex_forest_clump_small, infiniplex_forest_zigzag_1,
          infiniplex_forest_lined_4_way, infiniplex_forest_lined_4_way,
          infiniplex_forest_straight_3, infiniplex_forest_lined_2,
          infiniplex_forest_straight_5, infiniplex_forest_diagonal, first_ration
D:3:      layout_basic, grunt_decor_resistance
D:4:      layout_basic, grunt_qazlal_sundering, uniq_pikel, uniq_menkaure
D:5:      wad_pebble_path, layout_loops_ring, uniq_ijyb
D:6:      layout_layer_cave
D:7:      layout_basic, trog_eyes_of_draining,
          nicolae_dithmenos_through_a_glass_darkly,
          minmay_temple_entry_crystal_x
D:8:      layout_rooms, dpeg_lair_monsters, serial_shops, shop_statue,
          uniq_psyche

Skill      XL: |  1  2  3  4  5  6  7  8  9 |
---------------+----------------------------+-----
Dodging        | 2 3 5 |  5.5
Fighting       | 2 3 4 5 |  5.8
Unarmed Combat | 4 5 6 |  6.2
Transmutations | 4 5 7 10 | 10.5
Spellcasting   | 5 |  5.1

Action                   |  1- 3 |  4- 6 |  7- 9 | 10-12 || total
-------------------------+-------+-------+-------+-------++-------
Melee: Unarmed           |   106 |   241 |   374 |     6 ||   727
       Headbutt          |     5 |    17 |     9 |       ||    31
       Kick              |     1 |       |       |       ||     1
       Tailslap          |     8 |    19 |    28 |     1 ||    56
       Punch             |     2 |       |     4 |       ||     6
 Cast: Beastly Appendage |     7 |    18 |    11 |       ||    36
       Spider Form       |       |     3 |    19 |       ||    22
       Sticks to Snakes  |       |       |     2 |       ||     2
       Blade Hands       |       |       |    12 |     1 ||    13
Invok: Lunge             |       |    12 |    29 |     1 ||    42
       Whirlwind         |       |     1 |    32 |       ||    33
 Abil: Breathe Dispellin |       |       |     1 |       ||     1
       Fly               |       |       |     1 |       ||     1
       Wall Jump         |       |       |       |     1 ||     1
Evoke: Wand              |       |       |     1 |       ||     1
  Use: Potion            |       |     3 |     3 |       ||     6
 Stab: Sleeping          |       |     3 |       |       ||     3
       Paralysed         |       |       |     1 |       ||     1
  Eat: Chunk             |     1 |     7 |    22 |     2 ||    32
       Ration            |       |     1 |       |       ||     1
Armor: Skin              |    21 |    59 |    64 |       ||   144
Dodge: Dodged            |    61 |   153 |   258 |     1 ||   473

Table legend:
 A = Non-vault XP
 B = Vault XP
 C = Vault XP percentage of total XP
 D = Non-vault monster count
 E = Vault monster count
 F = Vault count percentage of total count
                 A         B        C        D         E       F
            +---------+---------+-------+---------+---------+-------
      Total |    3785 |    2309 |  37.9 |     156 |      10 |   6.0
            +---------+---------+-------+---------+---------+-------
        D:1 |      41 |       3 |   6.8 |      25 |       2 |   7.4
        D:2 |      98 |       0 |   0.0 |      17 |       0 |   0.0
        D:3 |     110 |       0 |   0.0 |      24 |       0 |   0.0
        D:4 |     179 |     816 |  82.0 |      10 |       2 |  16.7
        D:5 |     362 |      36 |   9.0 |      12 |       1 |   7.7
        D:6 |     998 |       0 |   0.0 |      23 |       0 |   0.0
        D:7 |    1169 |    1020 |  46.6 |      33 |       4 |  10.8
        D:8 |     828 |     434 |  34.4 |      12 |       1 |   7.7
            +---------+---------+-------+---------+---------+-------
